 Dungeon Crawl Stone Soup version 0.22.0-75-g3901e79 (webtiles) character file.

688 Fang the Chopper (level 7, -4/44 HPs)
             Began as a Gargoyle Berserker on Sept 12, 2018.
             Was a Priest of Trog.
             Slain by an ogre
             ... wielding a +0 giant spiked club
              (8 damage)
             ... on level 5 of the Dungeon.
             The game lasted 00:07:23 (4531 turns).

Fang the Chopper (Gargoyle Berserker)               Turns: 4531, Time: 00:07:24

Health: -4/44      AC:  9    Str: 23    XL:     7   Next: 62%
Magic:  7/7        EV: 13    Int:  7    God:    Trog [***...]
Gold:   195        SH:  0    Dex:  9    Spells: 6/6 levels left

rFire    . . .     SeeInvis .   a - +0 hand axe
rCold    . . .     Gourm    .   (no shield)
rNeg     + . .     Faith    .   b - +0 animal skin
rPois    ∞         Spirit   .   (no helmet)
rElec    +         Reflect  .   q - +1 cloak
rCorr    .         Harm     .   (no gloves)
MR       .....                  (no boots)
Stlth    ++........             (no amulet)
HPRegen  0.14/turn              (no ring)
MPRegen  0.10/turn              (no ring)

@: berserk cooldown, very slightly contaminated, slowed, invisible, very slow
A: negative energy resistance 1, electricity resistance, unbreathing,
petrification resistance, rot immunity, AC +4
a: Berserk, Trog's Hand, Renounce Religion


You were on level 5 of the Dungeon.
You worshipped Trog.
Trog was most pleased with you.
You were not hungry.

You visited 2 branches of the dungeon, and saw 6 of its levels.

You collected 195 gold pieces.

Inventory:

Hand Weapons
 a - a +0 hand axe (weapon)
Armour
 b - a +0 animal skin (worn)
 q - a +1 cloak (worn)
Wands
 l - a wand of polymorph (13)
 x - a wand of paralysis (27)
Scrolls
 e - 4 scrolls of remove curse {unknown}
 h - a scroll of random uselessness {unknown}
 m - a scroll of enchant weapon {unknown}
 o - a scroll of blinking {unknown}
 r - a scroll of immolation {unknown}
 s - a scroll of fog {unknown}
 v - a scroll of identify {unknown}
Potions
 d - a potion of might {unknown}
 f - 2 potions of brilliance {unknown}
 g - 2 potions of degeneration {unknown}
 i - 2 potions of curing
 j - 2 potions of haste {unknown}
 k - 2 potions of lignification {unknown}
 n - 2 potions of agility {unknown}
 p - a potion of invisibility
 t - a potion of heal wounds {unknown}
 u - a potion of cancellation {unknown}
 w - a potion of berserk rage {unknown}
 z - a potion of ambrosia {unknown}
Comestibles
 c - 5 rations
 A - a chunk of flesh


   Skills:
 + Level 4.9 Fighting
 + Level 6.0 Axes
 + Level 2.4 Armour
 + Level 3.4 Dodging
 + Level 1.8 Stealth


You had 6 spell levels left.
You didn't know any spells.
Your spell library was empty.

Dungeon Overview and Level Annotations

Branches:
Dungeon (5/15)             Temple (1/1) D:4

Altars:
Fedhas
Makhleb
Ru
Trog
Uskayaw
The Shining One


Innate Abilities, Weirdness & Mutations

You are resistant to torment.
Your stone body is resilient. (AC +4)
You are immune to poison.
You resist negative energy. (rN+)
You are resistant to electric shocks. (rElec)
You can survive without breathing.
You are immune to petrification.
You are immune to rotting.


Message History

Eat one of 2 chunks of flesh? (ye/n/q)
You eat one of the 2 chunks of flesh.
This raw flesh tastes terrible.
You feel your anger nearly subside.
You are no longer berserk.
You are exhausted.
You feel yourself slow down.
Okay, then.
The ogre barely misses you.
You hit the ogre.
The ogre is moderately wounded.
The ogre hits you with a giant spiked club!!
* * * LOW HITPOINT WARNING * * *
It was a potion of curing.
You feel better. The ogre barely misses you.
You feel better. The ogre barely misses you.
It was a potion of invisibility.
You fade into invisibility!
The ogre hits you with a giant spiked club!
* * * LOW HITPOINT WARNING * * *
You are very lightly contaminated with residual magic.
The ogre hits you with a giant spiked club!
You die...

#..##..####..####### .
#..#................
...###..#..#######.....##
...........# #######
...###..#..# . #..#..#
#..#.## #....# #.O@.#
#.[#.# #..#..P ....#...#
.##..#.P## # #.....#
#.....# #.##..#.## #.##..


You could see an ogre.

Vanquished Creatures
  2 scorpions
  2 crimson imps
  2 hounds
  A jelly (D:5)
  5 orc wizards
  2 centaur skeletons (D:4)
  3 worker ants (D:4)
  A worker ant zombie (D:4)
  6 adders
  A shadow imp (D:5)
  2 adder skeletons (D:4)
  2 dart slugs
  3 leopard geckos
  13 orcs
  6 giant cockroaches
  8 hobgoblins
  7 jackals
  4 quokkas
  3 bats
  3 frilled lizards
  4 goblins
  5 kobolds
  8 rats
93 creatures vanquished.

Notes
Turn   | Place    | Note
-------+----------+-------------------------------------------
     0 | D:1      | Fang the Gargoyle Berserker began the quest for the Orb.
     0 | D:1      | Reached XP level 1. HP: 14/14 MP: 1/1
   384 | D:1      | Reached skill level 3 in Axes
   384 | D:1      | Reached XP level 2. HP: 11/19 MP: 2/2
   855 | D:2      | Found a faded altar of an unknown god.
   973 | D:2      | Reached XP level 3. HP: 22/24 MP: 3/3
  1021 | D:2      | Reached ** piety under Trog
  1038 | D:2      | Found a bloodstained altar of Trog.
  1492 | D:3      | Reached XP level 4. HP: 16/29 MP: 4/4
  1499 | D:3      | Reached skill level 4 in Axes
  2253 | D:3      | Found a faded altar of an unknown god.
  2253 | D:3      | Found a sacrificial altar of Ru.
  2258 | D:3      | Found a blossoming altar of Fedhas.
  2260 | D:3      | Found a hide-covered altar of Uskayaw.
  2261 | D:3      | Found a faded altar of an unknown god.
  2343 | D:4      | Reached XP level 5. HP: 20/33 MP: 5/5
  2604 | D:4      | Reached skill level 1 in Stealth
  2649 | D:4      | Reached XP level 6. HP: 32/38 MP: 6/6
  2892 | D:4      | Found a burning altar of Makhleb.
  3100 | D:4      | Found a staircase to the Ecumenical Temple.
  3177 | D:4      | Reached skill level 5 in Axes
  3186 | D:4      | Reached *** piety under Trog
  3246 | Temple   | Entered the Ecumenical Temple
  3320 | D:4      | Reached XP level 7. HP: 29/44 MP: 7/7
  3660 | D:5      | Entered Level 5 of the Dungeon
  4207 | D:5      | Found a glowing golden altar of the Shining One.
  4513 | D:5      | Reached skill level 6 in Axes
  4526 | D:5      | HP: 1/44 [ogre/giant spiked club (18)]
  4531 | D:5      | Slain by an ogre

Skill      XL: |  1  2  3  4  5  6  7 |
---------------+----------------------+-----
Axes           | 3 4 5 6 |  6.0
Dodging        | 2 3 |  3.4
Fighting       | 4 |  4.9
Stealth        | 1 |  1.8
Armour         | |  2.4

Action                   |  1- 3 |  4- 6 |  7- 9 || total
-------------------------+-------+-------+-------++-------
Melee: Hand axe          |   111 |   159 |   142 ||   412
Invok: Berserk           |     1 |     2 |     2 ||     5
  Use: Potion            |       |       |     3 ||     3
 Stab: Sleeping          |       |       |     1 ||     1
  Eat: Chunk             |     2 |     8 |     3 ||    13
       Ration            |       |       |     1 ||     1
Armor: Animal skin       |    37 |    59 |    64 ||   160
Dodge: Dodged            |    70 |   135 |    99 ||   304
